2908 views
Uploaded 2020-03-06 18:08:20
Game version 1.32.2
21:11 long 3on3 ladder game on (6)RollingHills
Saved by iggythefisk
2908 views
Uploaded 2020-03-06 18:08:20
Game version 1.32.2
21:11 long 3on3 ladder game on (6)RollingHills


65 units @ 5.9k
/ 0.3k
172 buildings @ 11.8k
/ 5.9k


x1)
| Potion of Healing | 1 | 150 |
| Staff of Sanctuary | 2 | 500 |
| Staff of Teleportation | 1 | 150 |
| Tome of Retraining | 1 | 300 |
| Boots of Speed | 1 | 250 |
| Healing Salve | 1 | 100 |
| Orb of Lightning | 1 | 375 |
| total: | 8 | 1825g |
| Peasant | 30 | 2250 | / | 0 |
| total: | 30 | 2250g | / | 0w |
| Scout Tower | 110 | 3300 | / | 2200 |
| Guard Tower | 39 | 2730 | / | 1950 |
| Arcane Tower | 1 | 70 | / | 50 |
| Altar of Kings | 1 | 180 | / | 50 |
| Farm | 3 | 240 | / | 60 |
| Lumber Mill | 1 | 120 | / | 0 |
| Arcane Vault | 4 | 520 | / | 120 |
| Keep | 1 | 320 | / | 210 |
| Castle | 1 | 360 | / | 210 |
| total: | 119 | 4360g | / | 2430w |
| 0:00 | Peasant |
| 0:01 | Peasant |
| 0:06 | Altar of Kings |
| 0:08 | Peasant |
| 0:17 | Farm |
| 0:28 | Peasant |
| 0:33 | Lumber Mill |
| 0:53 | Peasant |
| 1:04 | Peasant |
| 1:09 | Scout Tower |
| 1:10 | Scout Tower |
| 1:22 | Peasant |
| 1:25 | Scout Tower |
| 1:27 | Scout Tower |
| 1:31 | Scout Tower |
| 1:36 | Guard Tower |
| 1:44 | Scout Tower |
| 1:47 | Scout Tower |
| 1:51 | Scout Tower |
| 1:52 | Guard Tower |
| 1:54 | Peasant |
| 1:54 | Peasant |
| 2:02 | Scout Tower |
| 2:03 | Guard Tower |
| 2:11 | Farm |
| 2:19 | Guard Tower |
| 2:21 | Guard Tower |
| 2:23 | Scout Tower |
| 2:41 | Scout Tower |
| 2:55 | Arcane Tower |
| 2:57 | Scout Tower |
| 2:59 | Guard Tower |
| 3:09 | Summon Water Elemental |
| 3:18 | Scout Tower |
| 3:20 | Peasant |
| 3:20 | Peasant |
| 3:24 | Guard Tower |
| 3:29 | Scout Tower |
| 3:43 | Scout Tower |
| 3:48 | Peasant |
| 3:53 | Scout Tower |
| 3:58 | Guard Tower |
| 4:02 | Scout Tower |
| 4:10 | Peasant |
| 4:11 | Improved Masonry |
| 4:14 | Guard Tower |
| 4:20 | Scout Tower |
| 4:21 | Scout Tower |
| 4:23 | Guard Tower |
| 4:25 | Scout Tower |
| 4:29 | Peasant |
| 4:30 | Keep |
| 4:34 | Healing Salve |
| 4:37 | Guard Tower |
| 4:39 | Scout Tower |
| 4:39 | Scout Tower |
| 4:54 | Guard Tower |
| 4:55 | Guard Tower |
| 4:57 | Scout Tower |
| 4:57 | Scout Tower |
| 5:12 | Scout Tower |
| 5:12 | Scout Tower |
| 5:14 | Scout Tower |
| 5:39 | Guard Tower |
| 5:41 | Scout Tower |
| 5:42 | Scout Tower |
| 5:42 | Scout Tower |
| 5:43 | Guard Tower |
| 5:45 | Scout Tower |
| 5:46 | Scout Tower |
| 5:46 | Scout Tower |
| 5:54 | Scout Tower |
| 5:54 | Scout Tower |
| 5:55 | Scout Tower |
| 5:55 | Scout Tower |
| 6:00 | Guard Tower |
| 6:05 | Scout Tower |
| 6:05 | Scout Tower |
| 6:06 | Scout Tower |
| 6:14 | Guard Tower |
| 6:15 | Scout Tower |
| 6:46 | Guard Tower |
| 6:49 | Scout Tower |
| 6:50 | Scout Tower |
| 6:50 | Scout Tower |
| 6:51 | Scout Tower |
| 6:51 | Scout Tower |
| 6:51 | Scout Tower |
| 6:52 | Peasant |
| 6:53 | Advanced Masonry |
| 6:56 | Scout Tower |
| 6:57 | Scout Tower |
| 7:12 | Peasant |
| 7:12 | Peasant |
| 7:20 | Farm |
| 7:20 | Peasant |
| 7:21 | Peasant |
| 7:33 | Scout Tower |
| 7:54 | Scout Tower |
| 8:14 | Scout Tower |
| 8:15 | Scout Tower |
| 8:15 | Scout Tower |
| 8:16 | Scout Tower |
| 8:38 | Peasant |
| 8:41 | Guard Tower |
| 8:45 | Guard Tower |
| 8:51 | Guard Tower |
| 8:53 | Scout Tower |
| 8:54 | Scout Tower |
| 8:56 | Scout Tower |
| 9:03 | Peasant |
| 9:04 | Peasant |
| 9:29 | Peasant |
| 9:35 | Guard Tower |
| 9:36 | Scout Tower |
| 9:37 | Scout Tower |
| 9:37 | Scout Tower |
| 9:37 | Scout Tower |
| 10:07 | Staff of Teleportation |
| 10:09 | Tome of Retraining |
| 10:09 | Retrain Hero |
| 10:11 | Blizzard |
| 10:14 | Boots of Speed |
| 10:23 | Guard Tower |
| 10:25 | Scout Tower |
| 10:25 | Scout Tower |
| 11:06 | Guard Tower |
| 11:07 | Scout Tower |
| 11:07 | Scout Tower |
| 11:08 | Scout Tower |
| 11:12 | Scout Tower |
| 11:13 | Scout Tower |
| 11:14 | Scout Tower |
| 11:15 | Scout Tower |
| 11:16 | Scout Tower |
| 11:17 | Scout Tower |
| 11:19 | Storm Bolt |
| 11:50 | Peasant |
| 12:25 | Scout Tower |
| 12:25 | Scout Tower |
| 12:25 | Scout Tower |
| 12:26 | Scout Tower |
| 13:02 | Brilliance Aura |
| 13:13 | Guard Tower |
| 13:29 | Guard Tower |
| 13:30 | Scout Tower |
| 13:31 | Scout Tower |
| 13:32 | Scout Tower |
| 13:37 | Potion of Healing |
| 13:38 | Orb of Lightning |
| 13:52 | Castle |
| 13:56 | Guard Tower |
| 14:00 | Scout Tower |
| 14:00 | Scout Tower |
| 14:00 | Scout Tower |
| 14:09 | Scout Tower |
| 14:24 | Guard Tower |
| 14:25 | Scout Tower |
| 14:26 | Scout Tower |
| 14:36 | Scout Tower |
| 14:38 | Scout Tower |
| 14:39 | Scout Tower |
| 14:53 | Scout Tower |
| 14:54 | Scout Tower |
| 14:55 | Guard Tower |
| 15:22 | Guard Tower |
| 15:23 | Guard Tower |
| 15:25 | Scout Tower |
| 15:25 | Scout Tower |
| 15:28 | Guard Tower |
| 15:29 | Scout Tower |
| 15:31 | Guard Tower |
| 15:34 | Scout Tower |
| 15:35 | Scout Tower |
| 15:35 | Scout Tower |
| 15:49 | Scout Tower |
| 16:40 | Guard Tower |
| 16:57 | Scout Tower |
| 16:58 | Scout Tower |
| 17:00 | Bash |
| 17:29 | Guard Tower |
| 17:32 | Scout Tower |
| 17:33 | Scout Tower |
| 17:34 | Scout Tower |
| 17:34 | Scout Tower |
| 17:34 | Scout Tower |
| 17:35 | Scout Tower |
| 17:36 | Peasant |
| 17:36 | Peasant |
| 17:58 | Guard Tower |
| 17:58 | Scout Tower |
| 17:59 | Scout Tower |
| 18:20 | Peasant |
| 18:21 | Peasant |
| 18:24 | Arcane Vault |
| 18:25 | Arcane Vault |
| 18:44 | Guard Tower |
| 18:50 | Blizzard |
| 19:21 | Guard Tower |
| 19:26 | Peasant |
| 19:26 | Peasant |
| 19:32 | Arcane Vault |
| 19:33 | Arcane Vault |
| 19:48 | Scout Tower |
| 19:49 | Scout Tower |
| 20:14 | Staff of Sanctuary |
| 20:17 | Staff of Sanctuary |
| 20:29 | Guard Tower |
| Right click | 1320 |
| Select | 740 |
| Select group | 277 |
| Assign group | 219 |
| Build/train/purchase | 148 |
| Use ability | 47 |
| Minimap ping | 6 |
| Remove unit | 4 |
| Misc. action | 1 |



| Sacrificial Skull | 6 | 300 |
| Lesser Clarity Potion | 5 | 350 |
| Potion of Healing | 1 | 150 |
| Orb of Corruption | 3 | 1125 |
| Dust of Appearance | 1 | 75 |
| Boots of Speed | 2 | 500 |
| Healing Salve | 2 | 200 |
| Scroll of Speed | 1 | 50 |
| total: | 21 | 2750g |
| Acolyte | 3 | 225 | / | 0 |
| Ghoul | 8 | 960 | / | 0 |
| Obsidian Statue | 2 | 400 | / | 70 |
| total: | 13 | 1585g | / | 70w |
| Nerubian Tower | 2 | 200 | / | 40 |
| Spirit Tower | 2 | 290 | / | 80 |
| Crypt | 1 | 200 | / | 50 |
| Altar of Darkness | 1 | 180 | / | 50 |
| Ziggurat | 10 | 1500 | / | 500 |
| Graveyard | 2 | 430 | / | 0 |
| Tomb of Relics | 4 | 520 | / | 120 |
| Slaughterhouse | 1 | 140 | / | 135 |
| Halls of the Dead | 1 | 320 | / | 210 |
| Black Citadel | 1 | 325 | / | 230 |
| total: | 19 | 2970g | / | 855w |
| 0:01 | Acolyte |
| 0:05 | Acolyte |
| 0:12 | Crypt |
| 0:28 | Altar of Darkness |
| 0:32 | Ziggurat |
| 1:14 | Ghoul |
| 1:33 | Ghoul |
| 1:49 | Ziggurat |
| 2:05 | Ghoul |
| 2:27 | Death Coil |
| 2:47 | Ghoul |
| 3:31 | Graveyard |
| 3:49 | Ghoul |
| 3:49 | Ghoul |
| 3:53 | Graveyard |
| 3:58 | Nerubian Tower |
| 4:30 | Ghoul |
| 4:37 | Halls of the Dead |
| 5:06 | Ghoul |
| 5:15 | Dust of Appearance |
| 5:16 | Boots of Speed |
| 5:46 | Tomb of Relics |
| 5:51 | Spirit Tower |
| 6:00 | Ziggurat |
| 7:13 | Sacrificial Skull |
| 7:14 | Sacrificial Skull |
| 8:00 | Black Citadel |
| 8:17 | Frost Nova |
| 8:43 | Slaughterhouse |
| 8:48 | Unholy Aura |
| 9:19 | Healing Salve |
| 9:19 | Lesser Clarity Potion |
| 9:20 | Scroll of Speed |
| 9:56 | Obsidian Statue |
| 9:57 | Obsidian Statue |
| 10:25 | Lesser Clarity Potion |
| 11:08 | Healing Salve |
| 11:16 | Ziggurat |
| 12:15 | Boots of Speed |
| 13:01 | Frost Armor |
| 13:07 | Impale |
| 13:25 | Potion of Healing |
| 13:29 | Sacrificial Skull |
| 13:29 | Sacrificial Skull |
| 14:08 | Lesser Clarity Potion |
| 14:33 | Acolyte |
| 14:39 | Lesser Clarity Potion |
| 15:35 | Lesser Clarity Potion |
| 15:37 | Tomb of Relics |
| 15:41 | Ziggurat |
| 16:54 | Death Coil |
| 17:01 | Spiked Carapace |
| 17:11 | Orb of Corruption |
| 17:17 | Tomb of Relics |
| 17:20 | Sacrificial Skull |
| 17:20 | Sacrificial Skull |
| 17:33 | Ziggurat |
| 17:34 | Ziggurat |
| 17:35 | Ziggurat |
| 17:36 | Ziggurat |
| 18:11 | Ziggurat |
| 18:13 | Tomb of Relics |
| 19:38 | Nerubian Tower |
| 19:39 | Spirit Tower |
| 19:53 | Frost Nova |
| 19:54 | Impale |
| 20:18 | Orb of Corruption |
| 20:22 | Orb of Corruption |
| 20:59 | Unholy Aura |
| Right click | 1522 |
| Select group | 634 |
| Assign group | 388 |
| Select | 192 |
| Resource trade | 116 |
| Build/train/purchase | 91 |
| Use ability | 69 |
| Chat | 53 |
| Misc. action | 49 |
| Item give/drop | 2 |
| Minimap ping | 2 |
⇛
TIMG4STRok
(21:10) : 

| Healing Salve | 6 | 600 |
| Lesser Clarity Potion | 9 | 630 |
| Orb of Lightning | 2 | 750 |
| Staff of Teleportation | 1 | 150 |
| Boots of Speed | 1 | 250 |
| Circlet of Nobility | 1 | 175 |
| total: | 20 | 2555g |
| Peon | 17 | 1275 | / | 0 |
| Troll Batrider | 5 | 800 | / | 200 |
| total: | 22 | 2075g | / | 200w |
| Watch Tower | 23 | 2530 | / | 1840 |
| Altar of Storms | 1 | 180 | / | 50 |
| Orc Burrow | 4 | 640 | / | 160 |
| Voodoo Lounge | 2 | 260 | / | 60 |
| War Mill | 1 | 205 | / | 0 |
| Great Hall | 1 | 385 | / | 185 |
| Beastiary | 2 | 290 | / | 280 |
| Stronghold | 1 | 315 | / | 190 |
| Fortress | 1 | 325 | / | 190 |
| total: | 34 | 4490g | / | 2575w |
| 0:03 | Peon |
| 0:04 | Peon |
| 0:05 | Altar of Storms |
| 0:09 | Orc Burrow |
| 0:15 | Peon |
| 0:41 | Peon |
| 0:50 | Peon |
| 0:56 | Peon |
| 1:12 | Peon |
| 1:25 | Orc Burrow |
| 1:51 | Voodoo Lounge |
| 2:08 | Wind Walk |
| 2:16 | Peon |
| 2:17 | Peon |
| 2:17 | Peon |
| 2:25 | War Mill |
| 3:30 | Peon |
| 3:30 | Peon |
| 3:30 | Peon |
| 3:32 | Healing Salve |
| 3:33 | Lesser Clarity Potion |
| 3:33 | Lesser Clarity Potion |
| 3:46 | Watch Tower |
| 3:54 | Staff of Teleportation |
| 3:54 | Boots of Speed |
| 4:10 | Circlet of Nobility |
| 4:16 | Spiked Barricades |
| 5:48 | Stronghold |
| 5:53 | Healing Salve |
| 5:53 | Lesser Clarity Potion |
| 6:05 | Orc Burrow |
| 6:44 | Lesser Clarity Potion |
| 6:53 | Watch Tower |
| 7:19 | Critical Strike |
| 7:40 | Voodoo Lounge |
| 7:47 | Watch Tower |
| 7:52 | Lesser Clarity Potion |
| 8:11 | Fortress |
| 8:38 | Watch Tower |
| 8:39 | Healing Salve |
| 8:40 | Lesser Clarity Potion |
| 8:49 | Watch Tower |
| 8:53 | Watch Tower |
| 9:19 | Hex |
| 10:03 | Watch Tower |
| 10:04 | Watch Tower |
| 10:12 | Watch Tower |
| 11:01 | Reinforced Defenses |
| 11:01 | Improved Spiked Barricades |
| 11:04 | Beastiary |
| 11:06 | Beastiary |
| 11:08 | Orc Burrow |
| 11:10 | Orb of Lightning |
| 11:11 | Lesser Clarity Potion |
| 11:11 | Healing Salve |
| 11:19 | Orb of Lightning |
| 12:02 | Great Hall |
| 12:15 | Watch Tower |
| 12:17 | Watch Tower |
| 13:34 | Healing Salve |
| 13:38 | Lesser Clarity Potion |
| 13:42 | Watch Tower |
| 13:42 | Watch Tower |
| 13:56 | Wind Walk |
| 14:25 | Healing Wave |
| 14:42 | Peon |
| 14:43 | Peon |
| 14:43 | Peon |
| 14:47 | Troll Batrider |
| 14:47 | Troll Batrider |
| 14:54 | Watch Tower |
| 14:56 | Watch Tower |
| 15:42 | Watch Tower |
| 15:43 | Watch Tower |
| 16:07 | Healing Salve |
| 16:07 | Lesser Clarity Potion |
| 16:55 | Watch Tower |
| 16:56 | Watch Tower |
| 18:07 | Healing Wave |
| 18:26 | Watch Tower |
| 18:27 | Watch Tower |
| 18:43 | Critical Strike |
| 19:17 | Troll Batrider |
| 19:17 | Troll Batrider |
| 19:17 | Liquid Fire |
| 19:19 | Peon |
| 19:32 | Watch Tower |
| 19:33 | Watch Tower |
| 20:10 | Troll Batrider |
| 20:12 | Steel Ranged Weapons |
| Right click | 1898 |
| Select group | 714 |
| Select | 155 |
| Build/train/purchase | 118 |
| Use ability | 43 |
| Resource trade | 39 |
| Misc. action | 29 |
| Assign group | 9 |
| Minimap ping | 7 |
| Chat | 4 |
| Item give/drop | 3 |
| Esc | 1 |
109 units @ 17.4k
/ 2.8k
39 buildings @ 6.4k
/ 2.4k


| Rod of Necromancy | 1 | 150 |
| total: | 1 | 150g |
| Acolyte | 6 | 450 | / | 0 |
| Ghoul | 2 | 240 | / | 0 |
| Crypt Fiend | 9 | 1935 | / | 360 |
| Obsidian Statue | 2 | 400 | / | 70 |
| Meat Wagon | 9 | 2070 | / | 450 |
| Necromancer | 8 | 1160 | / | 160 |
| total: | 36 | 6255g | / | 1040w |
| Altar of Darkness | 1 | 180 | / | 50 |
| Ziggurat | 7 | 1050 | / | 350 |
| Graveyard | 2 | 430 | / | 0 |
| Tomb of Relics | 1 | 130 | / | 30 |
| Crypt | 1 | 200 | / | 50 |
| Slaughterhouse | 2 | 280 | / | 270 |
| Temple of the Damned | 2 | 310 | / | 280 |
| Sacrificial Pit | 1 | 75 | / | 150 |
| Halls of the Dead | 1 | 320 | / | 210 |
| Black Citadel | 1 | 325 | / | 230 |
| total: | 17 | 2655g | / | 1180w |
| 0:02 | Acolyte |
| 0:02 | Acolyte |
| 0:06 | Altar of Darkness |
| 0:08 | Ziggurat |
| 0:34 | Graveyard |
| 0:40 | Graveyard |
| 0:52 | Tomb of Relics |
| 1:11 | Crypt |
| 1:30 | Ziggurat |
| 2:11 | Rod of Necromancy |
| 2:16 | Ghoul |
| 2:19 | Death Coil |
| 2:23 | Ghoul |
| 2:38 | Crypt Fiend |
| 3:02 | Crypt Fiend |
| 3:32 | Crypt Fiend |
| 3:33 | Ziggurat |
| 4:09 | Crypt Fiend |
| 4:30 | Crypt Fiend |
| 4:45 | Halls of the Dead |
| 5:46 | Crypt Fiend |
| 5:48 | Ziggurat |
| 6:54 | Crypt Fiend |
| 7:45 | Web |
| 7:46 | Burrow |
| 7:49 | Slaughterhouse |
| 8:29 | Crypt Fiend |
| 8:36 | Crypt Fiend |
| 9:21 | Frost Nova |
| 10:18 | Ziggurat |
| 10:19 | Ziggurat |
| 10:20 | Ziggurat |
| 10:22 | Obsidian Statue |
| 10:23 | Meat Wagon |
| 10:23 | Meat Wagon |
| 10:24 | Meat Wagon |
| 10:24 | Meat Wagon |
| 11:28 | Slaughterhouse |
| 11:30 | Temple of the Damned |
| 11:32 | Exhume Corpses |
| 11:36 | Temple of the Damned |
| 13:24 | Black Citadel |
| 14:01 | Necromancer Adept Training |
| 14:02 | Necromancer |
| 14:02 | Necromancer |
| 14:03 | Necromancer |
| 14:04 | Obsidian Statue |
| 14:05 | Meat Wagon |
| 15:04 | Frost Armor |
| 16:29 | Necromancer |
| 16:29 | Necromancer |
| 16:30 | Meat Wagon |
| 16:30 | Meat Wagon |
| 16:30 | Meat Wagon |
| 16:30 | Meat Wagon |
| 17:27 | Acolyte |
| 17:27 | Acolyte |
| 17:27 | Acolyte |
| 17:27 | Acolyte |
| 18:22 | Skeletal Mastery |
| 18:22 | Necromancer Master Training |
| 19:03 | Necromancer |
| 19:03 | Necromancer |
| 19:03 | Necromancer |
| 20:00 | Sacrificial Pit |
| Right click | 1129 |
| Select | 531 |
| Build/train/purchase | 73 |
| Select group | 33 |
| Use ability | 32 |
| Minimap ping | 10 |
| Misc. action | 6 |
| Assign group | 3 |
| Remove unit | 2 |


| Wisp | 18 | 1080 | / | 0 |
| Archer | 5 | 650 | / | 50 |
| Huntress | 4 | 780 | / | 80 |
| Glaive Thrower | 6 | 1260 | / | 390 |
| Druid of the Claw | 5 | 1275 | / | 400 |
| total: | 38 | 5045g | / | 920w |
| Altar of Elders | 1 | 180 | / | 50 |
| Moon Well | 6 | 1080 | / | 240 |
| Ancient of War | 2 | 300 | / | 120 |
| Hunter's Hall | 1 | 210 | / | 100 |
| Ancient of Lore | 1 | 155 | / | 145 |
| Tree of Ages | 1 | 320 | / | 180 |
| Tree of Eternity | 1 | 330 | / | 200 |
| total: | 11 | 1925g | / | 655w |
| 0:05 | Wisp |
| 0:05 | Wisp |
| 0:05 | Wisp |
| 0:08 | Altar of Elders |
| 0:20 | Moon Well |
| 0:31 | Wisp |
| 0:32 | Wisp |
| 0:35 | Ancient of War |
| 0:55 | Wisp |
| 1:07 | Wisp |
| 1:07 | Wisp |
| 1:19 | Wisp |
| 1:32 | Moon Well |
| 1:39 | Archer |
| 1:58 | Archer |
| 2:16 | Shadow Strike |
| 2:46 | Archer |
| 2:47 | Ancient of War |
| 2:48 | Wisp |
| 2:50 | Moon Well |
| 3:16 | Hunter's Hall |
| 3:26 | Archer |
| 3:58 | Archer |
| 4:00 | Wisp |
| 4:01 | Wisp |
| 4:19 | Huntress |
| 4:57 | Glaive Thrower |
| 5:53 | Moon Well |
| 5:58 | Tree of Ages |
| 6:47 | Glaive Thrower |
| 7:08 | Fan of Knives |
| 8:19 | Glaive Thrower |
| 8:20 | Wisp |
| 8:25 | Wisp |
| 8:25 | Wisp |
| 8:57 | Wisp |
| 8:59 | Moon Well |
| 9:04 | Ancient of Lore |
| 9:34 | Wisp |
| 9:34 | Wisp |
| 10:13 | Huntress |
| 10:20 | Druid of the Claw Adept Training |
| 10:21 | Druid of the Claw |
| 11:32 | Glaive Thrower |
| 11:43 | Breath of Fire |
| 12:22 | Druid of the Claw |
| 13:02 | Shadow Strike |
| 14:41 | Druid of the Claw |
| 14:42 | Huntress |
| 14:56 | Tree of Eternity |
| 15:26 | Druid of the Claw |
| 16:17 | Huntress |
| 16:31 | Moon Well |
| 17:17 | Drunken Brawler |
| 17:20 | Druid of the Claw Master Training |
| 17:32 | Glaive Thrower |
| 18:43 | Glaive Thrower |
| 20:02 | Druid of the Claw |
| Right click | 1321 |
| Select group | 505 |
| Select | 338 |
| Assign group | 290 |
| Misc. action | 251 |
| Build/train/purchase | 66 |
| Minimap ping | 45 |
| Use ability | 41 |
| Esc | 2 |

| Acolyte | 4 | 300 | / | 0 |
| Ghoul | 9 | 1080 | / | 0 |
| Crypt Fiend | 19 | 4085 | / | 760 |
| Obsidian Statue | 3 | 600 | / | 105 |
| total: | 35 | 6065g | / | 865w |
| Nerubian Tower | 1 | 100 | / | 20 |
| Spirit Tower | 2 | 290 | / | 80 |
| Altar of Darkness | 1 | 180 | / | 50 |
| Crypt | 2 | 400 | / | 100 |
| Ziggurat | 5 | 750 | / | 250 |
| Graveyard | 1 | 215 | / | 0 |
| Tomb of Relics | 1 | 130 | / | 30 |
| Slaughterhouse | 1 | 140 | / | 135 |
| Halls of the Dead | 1 | 320 | / | 210 |
| Black Citadel | 2 | 650 | / | 460 |
| total: | 11 | 1815g | / | 565w |
| 0:11 | Altar of Darkness |
| 0:13 | Crypt |
| 0:17 | Ziggurat |
| 0:30 | Acolyte |
| 0:30 | Acolyte |
| 0:45 | Acolyte |
| 1:06 | Acolyte |
| 1:15 | Nerubian Tower |
| 1:18 | Ghoul |
| 1:18 | Ghoul |
| 1:39 | Graveyard |
| 1:54 | Ghoul |
| 2:06 | Ziggurat |
| 2:33 | Death Coil |
| 2:36 | Ghoul |
| 2:38 | Ghoul |
| 2:52 | Tomb of Relics |
| 3:14 | Halls of the Dead |
| 3:53 | Creature Attack |
| 3:54 | Crypt Fiend |
| 4:26 | Crypt |
| 4:32 | Crypt Fiend |
| 4:47 | Creature Carapace |
| 5:09 | Crypt Fiend |
| 5:23 | Spirit Tower |
| 5:52 | Ziggurat |
| 5:54 | Ziggurat |
| 6:14 | Web |
| 6:25 | Slaughterhouse |
| 6:48 | Spirit Tower |
| 6:58 | Improved Creature Attack |
| 7:54 | Crypt Fiend |
| 8:00 | Improved Creature Carapace |
| 9:38 | Crypt Fiend |
| 9:40 | Crypt Fiend |
| 9:46 | Crypt Fiend |
| 10:07 | Obsidian Statue |
| 11:15 | Crypt Fiend |
| 11:15 | Crypt Fiend |
| 11:22 | Black Citadel |
| 11:38 | Ziggurat |
| 12:14 | Unholy Aura |
| 14:12 | Crypt Fiend |
| 14:13 | Crypt Fiend |
| 14:13 | Crypt Fiend |
| 15:01 | Advanced Creature Attack |
| 15:11 | Ghoul |
| 15:13 | Ghoul |
| 17:15 | Obsidian Statue |
| 17:25 | Ghoul |
| 17:25 | Ghoul |
| 17:57 | Crypt Fiend |
| 17:58 | Crypt Fiend |
| 18:00 | Crypt Fiend |
| 18:00 | Crypt Fiend |
| 18:01 | Crypt Fiend |
| 18:08 | Obsidian Statue |
| 19:41 | Crypt Fiend |
| 19:41 | Crypt Fiend |
| Right click | 854 |
| Select | 442 |
| Build/train/purchase | 59 |
| Misc. action | 54 |
| Select group | 51 |
| Assign group | 13 |
| Chat | 6 |
| Use ability | 4 |
| Remove unit | 1 |